 Dungeon Crawl Stone Soup version 0.26-a0-1129-gc5df7fbe6a (webtiles) character file.

Game seed: 15507033168331636422

51 Tarl the Skirmisher (level 3, -7/41 HPs)
             Began as an Ogre Berserker on Dec 18, 2020.
             Was a Believer of Trog.
             Mangled by a gnoll
             ... wielding a +0 halberd
              (9 damage)
             ... on level 2 of the Dungeon.
             The game lasted 00:02:17 (1183 turns).

Tarl the Skirmisher (Ogre Berserker)                Turns: 1183, Time: 00:02:17

Health: -7/41      AC:  3    Str: 22    XL:     3   Next: 83%
Magic:  3/3        EV: 10    Int:  8    God:    Trog [**....]
Gold:   44         SH:  0    Dex:  8    Spells: 2/2 levels left

rFire    . . .     SeeInvis .   a - +0 spear
rCold    . . .     Faith    .   (no shield)
rNeg     . . .     Spirit   .   b - +0 animal skin
rPois    .         Reflect  .   (helmet restricted)
rElec    .         Harm     .   (no cloak)
rCorr    .         Rampage  .   (gloves unavailable)
Will     .....                  (boots unavailable)
Stlth    +.........             (no amulet)
HPRegen  0.13/turn              (no ring)
MPRegen  0.08/turn              (no ring)

@: berserk cooldown, slowed, very slow
A: large, unfitting armour, tough skin 1
a: Renounce Religion, Berserk, Trog's Hand


You were on level 2 of the Dungeon.
You worshipped Trog.
Trog was pleased with you.
You visited 1 branch of the dungeon, and saw 2 of its levels.

You collected 44 gold pieces.

Inventory:

Hand Weapons
 a - a +0 spear (weapon)
Missiles
 c - 3 atropa-tipped darts
 h - 14 poisoned darts
Armour
 b - a +0 animal skin (worn)
Scrolls
 d - a scroll of fog {unknown}
 f - a scroll of teleportation {unknown}
 g - a scroll of identify {unknown}
Potions
 e - a potion of curing {unknown}


   Skills:
 + Level 4.9 Fighting
 + Level 3.4 Polearms
 + Level 3.3 Dodging


You had 2 spell levels left.
You didn't know any spells.
Your spell library was empty.

Dungeon Overview and Level Annotations

Branches:
Dungeon (2/15)

Altars:


Innate Abilities, Weirdness & Mutations

You are too large for most types of armour.
You have tough skin. (AC +1)


Message History

You kill the gnoll!
Trog accepts your kill. The gnoll barely misses you.
Things that are here:
a +1 flail of protection; a gnoll corpse You hit the gnoll.
The gnoll is heavily wounded.
You barely miss the gnoll.
The gnoll is heavily wounded.
You are no longer berserk.
You are exhausted.
You feel yourself slow down. The gnoll barely misses you.
You closely miss the gnoll.
The gnoll is heavily wounded.
The gnoll hits you with a +0 halberd!
* * * LOW HITPOINT WARNING * * *
You hit the gnoll but do no damage.
The gnoll is heavily wounded.
The gnoll hits you with a +0 halberd!
You die...

###############
........g@....#
#########
#.####.#####.#
#........
#...†......####.####...
#...g............# #.##
#>##.####..####..###.##
#. #.# #..####........
# #.. #.)..........##
... ...####..####.. ##.
###.# #..# #.#


You could see a gnoll.

Vanquished Creatures
  2 gnolls (D:2)
  4 giant cockroaches (D:1)
  3 hobgoblins
  A quokka (D:2)
  A ball python (D:2)
  5 bats
  A frilled lizard (D:2)
  5 goblins (D:1)
  3 kobolds
  9 rats
34 creatures vanquished.

Notes
Turn   | Place    | Note
-------+----------+-------------------------------------------
     0 | D:1      | Tarl the Ogre Berserker began the quest for the Orb.
     0 | D:1      | Reached XP level 1. HP: 24/24 MP: 1/1
   273 | D:1      | Reached XP level 2. HP: 32/32 MP: 2/2
   900 | D:2      | Reached ** piety under Trog
   987 | D:2      | Reached XP level 3. HP: 40/40 MP: 3/3
  1182 | D:2      | HP: 2/41 [gnoll/+0 halberd (12)]
  1183 | D:2      | Mangled by a gnoll

Illustrated notes

Levels and vault maps discovered:
D:1:      lemuel_arrival_cross, layout_loops_ring, minivault_11
D:2:      layout_loops_ring, lightli_temple_of_fire, tso_oasis_becter

Skill      XL: |  1  2 |
---------------+-------+-----
Dodging        | 3 |  3.3
Fighting       | |  4.9
Polearms       | |  3.4

Action                   || total
-------------------------++-------
Melee: Spear             ||   118
Invok: Berserk           ||     1
Armor: Animal skin       ||    23
Dodge: Dodged            ||    41

Table legend: (Time is in decaauts)
 A = Elapsed time spent in this place.
 B = Non-inter-level travel time spent in this place.
 C = Inter-level travel time spent in this place.
 D = Time resting spent in this place.
 E = Time spent auto-exploring this place.
 F = Levels seen in this place.
 G = Mean time per level.
                   A        B        C        D        E       F      G
               +--------+--------+--------+--------+--------+-----+--------+
         Total |   1171 |   1141 |     30 |      0 |    923 |   2 |  585.5 |
       Dungeon |   1171 |   1141 |     30 |      0 |    923 |   2 |  585.5 |
               +--------+--------+--------+--------+--------+-----+--------+

Top non-repeatable levels by time:
     D:1: 880 daAuts
     D:2: 291 daAuts
